[Event "*** Titled Tuesday 3|2 Blitz"]
[Site "Chess.com"]
[Date "2016.05.03"]
[Round "5"]
[White "Boryboy"]
[Black "Zazuliak"]
[Result "1-0"]
[WhiteElo "2533"]
[BlackElo "2366"]
[TimeControl "180+2"]
[EndTime "18:04:00 PDT"]
[Termination "Boryboy won by resignation"]

1. d4 Nf6 2. Nf3 g6 3. g3 Bg7 4. Bg2 O-O 5. O-O d6 6. a4 a5 7. b3 Nc6 8. Bb2 Bf5 9. Nbd2 Ne4 10. Nh4 Nxd2 11. Nxf5 gxf5 12. Qxd2 d5 13. e3 e6 14. c4 Ne7 15. cxd5 Nxd5 16. Rfc1 c6 17. Qe2 Qb6 18. Qc4 Rfd8 19. h3 Qb4 20. g4 fxg4 21. hxg4 Bf6 22. Ba3 Qb6 23. Be4 Kg7 24. Kg2 h6 25. Rh1 Rh8 26. Rag1 Qa6 27. Qc2 b5 28. Bc5 bxa4 29. bxa4 Rab8 30. Rb1 Nb4 31. Qd2 Nd5 32. Bd3 Qc8 33. Qxa5 Ra8 34. Qd2 Rxa4 35. Rh3 Qd8 36. Rf3 Be7 37. Qc2 Ra8 38. Rb7 Re8 39. Be4 Rc8 40. Qa4 Rc7 41. Rxc7 Qxc7 42. Qc2 Bxc5 43. Qxc5 Re7 44. Bc2 Qd7 45. e4 Nf6 46. Qe5 Qc7 47. Qxf6+ Kf8 48. Qxh6+ Ke8 49. Ba4 Kd7 50. Rc3 1-0

[Event "*** Titled Tuesday 3|2 Blitz"]
[Site "Chess.com"]
[Date "2016.05.03"]
[Round "5"]
[White "Mornar1951"]
[Black "GMG"]
[Result "1-0"]
[WhiteElo "2505"]
[BlackElo "2425"]
[TimeControl "180+2"]
[EndTime "18:04:00 PDT"]
[Termination "Mornar1951 won by resignation"]

1. d4 d5 2. c4 e6 3. Nf3 c6 4.
Nbd2 f5 5. Ne5 Nf6 6. Ndf3 Nbd7 7. a3 Ne4 8. Nxd7 Bxd7 9. e3 Bd6 10. Be2 Qf6 11. Qc2 g5 12. b4 O-O 13. Bb2 f4 14.
Ne5 fxe3 15. f3 Bxe5 16. dxe5 Qf4 17. g3 Qf5 18. fxe4 Qf2+ 19. Kd1 Qg2 20. Re1 c5 21.
exd5 exd5 22. bxc5 d4 23. Bxd4 Rad8 24. Kc1 Bf5 25. Qc3 Qe4 26. Bxe3 Rfe8 27. Kb2 Rxe5 28. Bd2 Qxe2 29. Rxe2 Rxe2 30. Rd1 Bg4 31. Qf6 Rexd2+ 32. Rxd2 Rxd2+ 33. Kc3 Rd7 34. Qxg5+ Rg7 35. Qd8+ Kf7 36. Qc7+ Kg6 37. Qd6+ Kh5 38. Qe5+ Kg6 39. Qe4+ Bf5 40.
Qe3 Bd7 41. Qe4+ Bf5 42. Qe5 Rd7 43. Qe8+ Kg7 44. Qe5+ Kg6 45. h4 h5 46. Qe8+ Kf6 47. Qxh5 Rd3+ 48. Kb4 Rxg3 49. Qh8+ Ke6 50. Qc8+ Kf6 51.
Qd8+ Ke6 52. Qd6+ 1-0

[Event "*** Titled Tuesday 3|2 Blitz"]
[Site "Chess.com"]
[Date "2016.05.03"]
[Round "5"]
[White "E-Shaposhnikov"]
[Black "Kacparov"]
[Result "1/2-1/2"]
[WhiteElo "2465"]
[BlackElo "2569"]
[TimeControl "180+2"]
[EndTime "18:04:07 PDT"]
[Termination "Game drawn by repetition"]

1. Nf3 c5 2. c4 g6 3. d4 cxd4 4.
Nxd4 Bg7 5. e4 Nc6 6. Be3 d6 7.
Nc3 Nf6 8. Be2 O-O 9. O-O Bd7 10. Rc1 Nxd4 11. Bxd4 Bc6 12. f3 a5 13.
Qd2 a4 14. Rc2 Nd7 15. Bf2 Nc5 16. Rb1 Qa5 17. b4 axb3 18. axb3 Bxc3 19. Qxc3 Qxc3 20.
Rxc3 Ra2 21. Kf1 Bxe4 22. fxe4 Nxe4 23. Be1 Nxc3 24. Bxc3 Rc2 25. Bd4 e5 26. Bf2 f5 27.
Rd1 Ra8 28. c5 dxc5 29. Bd3 Rb2 30. Bxc5 Kg7 31. Bd6 Kf6 32. Bc4 Raa2 33. Bc5 Rxg2 34. Rd7 Rgd2 35. Rf7+ Kg5 36. Be3+ Kg4 37. Bxd2 Rxd2 38.
Rxh7 e4 39. Be2+ Kf4 40. Rxb7 Ke3 41. Bc4 f4 42. Re7 f3 43. Kg1 Rg2+ 44. Kh1 Rg5 45. h3 f2 46. Kh2 Rg1 47. Rf7 Rc1 48. Kg2 Rg1+ 49. Kh2 Rc1 50. Kg2 Rg1+ 51. Kh2 Rc1 52.
Kg2 Rg1+ 1/2-1/2

[Event "*** Titled Tuesday 3|2 Blitz"]
[Site "Chess.com"]
[Date "2016.05.03"]
[Round "5"]
[White "TheCount"]
[Black "Newlight1"]
[Result "1-0"]
[WhiteElo "2540"]
[BlackElo "2242"]
[TimeControl "180+2"]
[EndTime "18:04:11 PDT"]
[Termination "TheCount won by resignation"]

1. d4 Nf6 2. c4 c5 3. d5 e6 4. Nc3 exd5 5. cxd5 d6 6. Nf3 g6 7. Bf4 Bg7 8. Qa4+ Bd7 9. Qb3 Qc7 10. e3 O-O 11. h3 a6 12. a4 Nh5 13. Bh2 f5 14. Be2 h6 15. O-O Be8 16. Nd2 Nd7 17. Nc4 Ne5 18.
Bxe5 Bxe5 19. Nxe5 dxe5 20. d6+ Bf7 21. Qd1 Qc6 22.
Bxh5 gxh5 23. Qd2 Rad8 24. Rfd1 Bb3 25. Rdc1 Qxd6 26. Qe2 Qg6 27. a5 Rd7 28. Na4 Rg7 29. f3 Bxa4 30. Rxa4 Rc8 31. Rac4 Qd6 32. b4 Rgc7 33.
Qc2 Rc6 34. Qxf5 cxb4 35. Qxc8+ Rxc8 36. Rxc8+ Kf7 37. R1c7+ Kf6 38. Rxb7 Qd1+ 39. Kh2 Ke6 40. Rc6+ Kf5 41. Rxb4 Qd2 42. Re4 Qd5 43. Rxh6 Qg8 44.
Rxh5+ Ke6 45. Rhxe5+ Kd6 46. Re6+ Kd7 47. Rxa6 Qb8+ 48.
Rf4 Ke7 49. Rh6 Qb4 50. Rxb4 1-0

[Event "*** Titled Tuesday 3|2 Blitz"]
[Site "Chess.com"]
[Date "2016.05.03"]
[Round "5"]
[White "ethylalcohol"]
[Black "chesstatour"]
[Result "0-1"]
[WhiteElo "1742"]
[BlackElo "2021"]
[TimeControl "180+2"]
[EndTime "18:04:14 PDT"]
[Termination "chesstatour won on time"]

1. e4 c6 2. d4 d5 3. exd5 cxd5 4. c4 Nf6 5. Nc3 Nc6 6. Nf3 Bg4 7. cxd5 Nxd5 8.
Be2 e6 9. h3 Bh5 10. O-O Be7 11. Qb3 Bxf3 12. Bxf3 Nxd4 13. Qa4+ Nc6 14. Nxd5 exd5 15.
Rd1 O-O 16. Bxd5 Qb6 17. Be3 Qb4 18. Qc2 Rac8 19. Qf5 g6 20. Qd3 Ne5 21. Qe4 Qxe4 22. Bxe4 b6 23. Bf4 Nc4 24. Rd7 Bf6 25. Rxa7 Nxb2 26. Rb1 Rc4 27. Bh6 Rxe4 28. Bxf8 Kxf8 29. Rb7 Nc4 30. Rd1 Be7 31. Rdd7 f6 32. Rb8+ Kf7 33. g3 Ke6 34. Rc7 b5 35. Rbb7 Bd6 36. Rxh7 g5 37. Rh8 Re1+ 38. Kg2 Re5 39. Re8+ Kd5 40.
Rxe5+ Bxe5 41. Rxb5+ Kc6 42. Rb4 Kc5 43. Rb7 Nd6 0-1

[Event "*** Titled Tuesday 3|2 Blitz"]
[Site "Chess.com"]
[Date "2016.05.03"]
[Round "5"]
[White "SabinaFoisor"]
[Black "Noukii"]
[Result "0-1"]
[WhiteElo "2194"]
[BlackElo "2700"]
[TimeControl "180+2"]
[EndTime "18:04:25 PDT"]
[Termination "Noukii won by resignation"]

1. d4 d5 2. c4 c6 3. Nf3 Nf6 4. e3 Bf5 5. Bd3 Bg6 6. O-O e6 7. b3 Nbd7 8. Ba3 Bxa3 9. Nxa3 Ne4 10. Bxe4 Bxe4 11. Nd2 Bg6 12. f3 O-O 13. Kh1 Qa5 14. Qc1 Rac8 15. Qb2 Rfe8 16. b4 Qd8 17. e4 Nf6 18.
cxd5 cxd5 19. e5 Nd7 20. Rac1 Qb6 21. h3 h5 22. Rfe1 Nb8 23. b5 Nc6 24. Nb3 Nb4 25.
Rxc8 Rxc8 26. Rc1 Rxc1+ 27. Qxc1 Qd8 28. Qb2 Qg5 29. Nc5 Nd3 30. Nxd3 Bxd3 31. Qc3 Qe3 32. Nb1 b6 33. Nd2 Qe1+ 34. Kh2 Bxb5 35. Qc8+ Kh7 36.
Qc2+ Kh6 37. Nb3 h4 38. Qd2+ Qxd2 39. Nxd2 a5 40. f4 Bc4 41. a3 b5 42. Kg1 b4 43.
axb4 axb4 44. Kf2 b3 45. Ke3 b2 46. Nb1 Ba2 47. Nc3 b1=Q 48. Nxb1 Bxb1 49. Kf3 Kh5 50. g4+ hxg3 51. Kxg3 Bf5 52. h4 g6 0-1

[Event "*** Titled Tuesday 3|2 Blitz"]
[Site "Chess.com"]
[Date "2016.05.03"]
[Round "5"]
[White "yarosavich"]
[Black "ZEN-22"]
[Result "1/2-1/2"]
[WhiteElo "2535"]
[BlackElo "2401"]
[TimeControl "180+2"]
[EndTime "18:04:34 PDT"]
[Termination "Game drawn by stalemate"]

1. d4 Nf6 2. c4 d6 3. Nf3 g6 4. Nc3 Bf5 5. g3 Nc6 6. Bg2 Ne4 7. Nxe4 Bxe4 8. O-O Bg7 9. Be3 O-O 10. Qd2 e5 11. d5 Ne7 12. Rac1 Nf5 13. Rfd1 h6 14. c5 Nxe3 15. Qxe3 f5 16. Nh4 Bxg2 17. Nxg2 f4 18. Qe4 Qf6 19. f3 h5 20. cxd6 cxd6 21. Rc7 Rf7 22. Rdc1 Raf8 23. Nh4 Kh7 24. b4 Qg5 25. Kg2 Bf6 26. Kf2 Qh6 27. Ng2 Kg7 28. gxf4 exf4 29.
Nxf4 Bh4+ 30. Kg2 Qg5+ 31. Kh1 Kh6 32. Rxf7 Rxf7 33. e3 Qf5 34. Qxf5 Rxf5 35. Kg2 Bg5 36. Rc7 Bxf4 37. exf4 Rxf4 38. Rxb7 Rd4 39. a3 a5 40.
bxa5 Ra4 41. a6 Rxa6 42. Rd7 Kg5 43. Kg3 Kf5 44. Rf7+ Ke5 45. Rg7 Kf6 46. Rd7 g5 47. Rh7 Kg6 48. Re7 h4+ 49. Kg4 Ra4+ 50. Kh3 Kf6 51.
Re6+ Kf5 52. Rxd6 Rxa3 53. Kg2 Ra2+ 54. Kh3 Rf2 55. Rd8 Rxf3+ 56. Kg2 Rd3 57. d6 Kg4 58. d7 Rd2+ 59. Kg1 Kh3 60. Rg8 Rd1+ 61. Kf2 Rxd7 62. Rxg5 Kxh2 63. Rg2+ Kh3 64. Rg8 Rf7+ 65. Kg1 Rc7 66.
Kh1 Rc1+ 67. Rg1 Rc2 68. Ra1 Rh2+ 69. Kg1 Rg2+ 70. Kh1 Rg3 71. Rb1 Re3 72. Ra1 Kg3 73. Rb1 Rf3 74. Ra1 Kh3 75. Rb1 Kg4 76. Ra1 Kg3 77. Rb1 Rf2 78. Ra1 Rh2+ 79. Kg1 Rg2+ 80. Kh1 Rf2 81. Rb1 Rf3 82. Ra1 h3 83. Rb1 Kf2 84. Ra1 Rg3 85. Rb1 h2 86. Rb2+ Kf1 87. Rb1+ Kf2 88. Rb2+ Kf3 89. Rb3+ Kg4 90. Rxg3+ Kxg3 1/2-1/2

[Event "*** Titled Tuesday 3|2 Blitz"]
[Site "Chess.com"]
[Date "2016.05.03"]
[Round "5"]
[White "AkshatChandra"]
[Black "AlexanderL"]
[Result "0-1"]
[WhiteElo "2657"]
[BlackElo "2580"]
[TimeControl "180+2"]
[EndTime "18:04:43 PDT"]
[Termination "AlexanderL won by resignation"]

1. b3 d5 2. Bb2 Bf5 3. e3 e6 4. f4 Nf6 5. Nf3 Be7 6. Be2 h6 7. O-O O-O 8. d3 Bc5 9. Nd4 Nc6 10. Nd2 Bh7 11. N2f3 Re8 12. Qd2 Bb4 13. Qc1 Ne7 14. a3 Ba5 15. b4 Bb6 16. c4 dxc4 17. dxc4 c5 18. Nb5 Nf5 19. Rd1 Qe7 20. bxc5 Bxc5 21.
Nbd4 Ng4 22. Rd3 Rad8 23. Qc3 Ngxe3 24. Kh1 Ng4 25. Rf1 Nxd4 26. Rxd4 Bxd4 27. Nxd4 Nf6 28. Qa5 b6 29. Qc3 Qc5 30. Nb3 Qc7 31. Qg3 Qe7 32. Nd4 Be4 33. Nb5 Kh8 34. Nc3 Ba8 35. h3 Rd2 36.
Ba1 Red8 37. Qe3 Qc5 38. Qg3 Qxa3 39. Qh4 Qf8 40. Bf3 Bxf3 41. Rxf3 Rd1+ 42. Nxd1 Rxd1+ 43. Kh2 Rxa1 44. Rd3 Ra5 45. Qe1 Rc5 46. Qd2 Rc8 47.
Qa2 Qe7 48. Qa4 g6 49. Ra3 Rc7 50. Rd3 Kg7 51. g4 Qc5 52. Qa1 Qf2+ 53. Kh1 Qxf4 0-1

[Event "*** Titled Tuesday 3|2 Blitz"]
[Site "Chess.com"]
[Date "2016.05.03"]
[Round "5"]
[White "GrigorGrigorov"]
[Black "sandropozo"]
[Result "1-0"]
[WhiteElo "2529"]
[BlackElo "2276"]
[TimeControl "180+2"]
[EndTime "18:05:12 PDT"]
[Termination "GrigorGrigorov won by resignation"]

1. d4 d5 2. Nf3 Nf6 3. c4 c6 4. Nbd2 g6 5. g3 Bg7 6. Bg2 O-O 7. O-O Ne4 8. e3 Bf5 9. Qe2 Nd7 10. Nh4 Nxd2 11. Bxd2 Be6 12. cxd5 cxd5 13. Rac1 Qb6 14. b3 Nf6 15. Rc2 Bg4 16. Qd3 Qe6 17. f3 Bh3 18. g4 Bxg2 19. Nxg2 Rac8 20. Rfc1 Qd7 21. Bb4 b6 22. Qa6 Rxc2 23. Rxc2 g5 24. Qa4 Qe6 25. Qc6 h5 26. Qxe6 fxe6 27. Bxe7 Rf7 28. Bxf6 Rxf6 29. gxh5 Rxf3 30. Rc7 e5 31. dxe5 Bxe5 32.
Rd7 Rh3 33. Rxd5 Bxh2+ 34. Kf2 Rxh5 35. Rd7 a5 36. Rb7 g4 37. Rxb6 Rf5+ 38. Nf4 Bxf4 39.
exf4 Rxf4+ 40. Kg3 Rd4 41. Rg6+ Kf7 42. Rxg4 Rxg4+ 43. Kxg4 Ke6 44. Kf4 Kd5 45. Ke3 Kc5 46. a3 Kd5 47.
Kd3 Kc5 48. Kc3 Kd5 49. Kd3 Kc5 50. Ke4 Kc6 51. Kd4 Kb5 52. Kd5 Kb6 53. Kc4 a4 54. b4 Ka6 55. Kc5 Kb7 56. Kb5 1-0

[Event "*** Titled Tuesday 3|2 Blitz"]
[Site "Chess.com"]
[Date "2016.05.03"]
[Round "5"]
[White "bugsbunny444"]
[Black "Tirantes"]
[Result "0-1"]
[WhiteElo "2367"]
[BlackElo "2245"]
[TimeControl "180+2"]
[EndTime "18:05:12 PDT"]
[Termination "Tirantes won by resignation"]

1. Nf3 Nf6 2. c4 d6 3. g3 e5 4. Bg2 Be7 5. O-O O-O 6. Nc3 c6 7. d3 Re8 8. e4 a5 9. h3 Na6 10.
Be3 Bf8 11. d4 exd4 12. Nxd4 Nc5 13. Qc2 a4 14. b4 axb3 15. axb3 Rxa1 16. Rxa1 Bd7 17.
b4 Ne6 18. Nf5 g6 19. Nh6+ Kg7 20. Qb2 c5 21. Nd5 Nd4 22. Bxd4 cxd4 23. Qxd4 Re5 24. Ng4 Bxg4 25. hxg4 Nxd5 26. f4 Ne7 27. fxe5 Nc6 28.
Qc3 dxe5 29. c5 Nd4 30. Bf1 Qg5 31. Rd1 Be7 32. Rxd4 exd4 33. Qxd4+ Bf6 34. Qd3 Qxg4 35. Kg2 Be5 36. Qf3 Qd7 37. Bc4 Qd2+ 38. Qf2 Qxf2+ 39.
Kxf2 Bc3 40. c6 bxc6 41. b5 c5 42. b6 h5 43. Kf3 Be5 44. g4 h4 45. g5 h3 46. Bf1 h2 47. Kg2 Kf8 48. Bc4 Ke7 49.
Bd5 f6 50. gxf6+ Kxf6 51. Bc4 Kg5 52. Bf7 Kf6 53. Bc4 g5 54. Be2 Ke6 55. Bc4+ Kd6 56. b7 Kc7 57. Bd5 Kb6 58. Kh1 Kb5 59. Kg2 c4 60.
Kh1 Kb4 61. Bxc4 Kxc4 62. Kg2 Kb5 63. Kh1 Kb6 0-1

[Event "*** Titled Tuesday 3|2 Blitz"]
[Site "Chess.com"]
[Date "2016.05.03"]
[Round "5"]
[White "andretta"]
[Black "andryusha"]
[Result "1/2-1/2"]
[WhiteElo "2172"]
[BlackElo "2189"]
[TimeControl "180+2"]
[EndTime "18:05:25 PDT"]
[Termination "Game drawn by repetition"]

1. Nf3 c5 2. c4 Nc6 3. Nc3 e5 4. g3 Nf6 5. d3 d5 6. cxd5 Nxd5 7. Nxd5 Qxd5 8. Bg2 Be7 9. O-O O-O 10. Be3 Bg4 11. Nd4 Qxg2+ 12. Kxg2 exd4 13. Bd2 Bf6 14. Rc1 b6 15. a3 a5 16. b4 axb4 17. axb4 Nxb4 18.
Bxb4 cxb4 19. Rb1 Be7 20. Rb2 Bc5 21. Qd2 Rfe8 22. Re1 Ra4 23. e4 Be6 24. f4 b3 25.
f5 Bb4 26. Qe2 Bxf5 27. Reb1 Be6 28. Rxb3 Bxb3 29. Rxb3 Rea8 30. e5 Bc3 31. Qe4 Ra2+ 32. Kh3 R2a6 33. Rxb6 R6a7 34. Rc6 Re8 35. e6 fxe6 36.
Rxe6 Rxe6 37. Qxe6+ Rf7 38. Qd5 g6 39. Kg4 Kg7 40. Qe5+ Kg8 41. h4 h5+ 42. Kh3 Kh7 43.
Qe8 Kg7 44. Qe5+ Kh7 45. Qe4 Kg7 46. g4 hxg4+ 47. Kxg4 Rf5 48. Qe7+ Kg8 49. Qe8+ Kg7 50. Qe7+ Kg8 51. Qe6+ Kg7 52. Qc6 Rf6 53. Qd7+ Rf7 54. Qe8 Rf5 55. Qe6 Rf6 56. Qe5 Kf7 57. h5 gxh5+ 58.
Kxh5 Re6 59. Qd5 Ke7 60. Kg5 Bd2+ 61. Kf5 Rf6+ 62. Ke4 Be3 63. Qb7+ Ke6 64. Qd5+ Ke7 65. Qb7+ Ke6 66. Qc8+ Kd6 67. Qd8+ Ke6 68. Qd5+ Ke7 69.
Qc5+ Ke6 70. Qd5+ Ke7 1/2-1/2

[Event "*** Titled Tuesday 3|2 Blitz"]
[Site "Chess.com"]
[Date "2016.05.03"]
[Round "5"]
[White "PedroLeRobot"]
[Black "HansCoolNiemann"]
[Result "1-0"]
[WhiteElo "2499"]
[BlackElo "2291"]
[TimeControl "180+2"]
[EndTime "18:05:44 PDT"]
[Termination "PedroLeRobot won by checkmate"]

1. Nf3 c5 2. g3 Nc6 3. Bg2 e5 4. d3 d5 5. O-O Nf6 6. e4 dxe4 7. dxe4 Qxd1 8. Rxd1 Bg4 9. c3 Nxe4 10. Re1 O-O-O 11. h3 Bh5 12. g4 Bg6 13. Nh4 Nf6 14.
Nxg6 hxg6 15. Na3 Bd6 16. Bxc6 bxc6 17. Kg2 Bc7 18. Nc4 Rd3 19. Be3 e4 20. Rad1 Nd5 21.
Rxd3 exd3 22. Rd1 Rd8 23. Kf3 Rh8 24. Kg2 Rd8 25. Bxc5 Nf4+ 26. Kf3 Nxh3 27. Bxa7 Kb7 28. Be3 g5 29. Bd4 Nf4 30. Bxg7 Re8 31. Ne3 Ra8 32. a3 Ra4 33. Bf6 Ra5 34. Nf5 Rb5 35. b4 Rd5 36. Bxg5 Ne6 37. Be3 Be5 38. c4 Rd8 39. Ke4 Bf6 40. Rxd3 Rg8 41. Rd7+ Kb8 42. Rxf7 Bb2 43. Ne7 Rxg4+ 44. Kf5 Nd8 45. Rf8 Rxc4 46. Rxd8+ Kc7 47. Rd3 Rh4 48. Ng6 Rh7 49. Bf4+ Kb6 50. Ne5 Rh5+ 51.
Ke4 Kb5 52. Nf7 Ka4 53. Bd6 Bxa3 54. Rxa3+ Kxa3 55. b5+ Ka4 56. bxc6 Rh1 57. c7 Rc1 58. Kd5 Kb5 59. Ke6 Kb6 60. Kd7 Kb7 61. Nd8+ Kb6 62. c8=Q Rxc8 63. Kxc8 Kb5 64. f4 Kc4 65. Kd7 Kd5 66. Be5 Ke4 67. Ne6 Kf5 68. Nd4+ Kg6 69. Ke6 Kh6 70. Kf5 Kh7 71. Ne6 Kh6 72. Bd4 Kh7 73. Kf6 Kh6 74. Ng7 Kh7 75. Kf7 Kh6 76. Bf6 Kh7 77. Bg5 Kh8 78. f5 Kh7 79. Ne6 Kh8 80. Bf4 Kh7 81. Nf8+ Kh8 82. Be5# 1-0

[Event "*** Titled Tuesday 3|2 Blitz"]
[Site "Chess.com"]
[Date "2016.05.03"]
[Round "5"]
[White "Mischuk_D"]
[Black "Lying-Ted"]
[Result "1/2-1/2"]
[WhiteElo "2426"]
[BlackElo "2256"]
[TimeControl "180+2"]
[EndTime "18:06:52 PDT"]
[Termination "Game drawn by repetition"]

1. e4 e6 2. d4 d5 3. Bd3 dxe4 4. Bxe4 Nf6 5. Bf3 c5 6. Be3 cxd4 7. Bxd4 Nc6 8.
Bxc6+ bxc6 9. Ne2 Ba6 10. b3 c5 11. Bb2 Qxd1+ 12. Kxd1 Rd8+ 13. Ke1 Be7 14. c4 Bb7 15. f3 O-O 16. Nbc3 Rd7 17. Rd1 Rfd8 18. Rxd7 Rxd7 19. Na4 Bc6 20. Bxf6 gxf6 21. Nac3 f5 22. Nb5 a6 23. Nbc3 Bf6 24. h4 Rd3 25. Nd1 a5 26. Nf4 Rd7 27. Ke2 a4 28. Ne3 axb3 29. axb3 Rb7 30.
Rb1 Bxh4 31. Nd3 Be7 32. Ne5 Ba4 33. Ra1 Bxb3 34. Kd3 Bf6 35. Ra8+ Kg7 36. Nc6 Rd7+ 37. Ke2 Bg5 38. Ne5 Rb7 39. g3 Bf6 40. Nd3 Bd4 41.
Rc8 Bxe3 42. Kxe3 Bxc4 43. Nxc5 Rb1 44. Rc7 Bd5 45. Nd3 Rb3 46. Kd4 Rxd3+ 47. Kxd3 Bxf3 48. Ke3 Bg4 49. Kf4 Kf6 50. Rc6 h5 51. Ra6 Kg6 52. Rb6 Kf6 53. Ra6 Ke7 54. Ke5 f6+ 55. Kd4 e5+ 56.
Ke3 Kf7 57. Ra8 Kg6 58. Rg8+ Kf7 59. Rb8 Kg7 60. Ra8 Kg6 61. Rb8 Kg5 62. Rg8+ Kh6 63. Rf8 Kg6 64. Rg8+ Kf7 65. Rh8 Ke6 66. Re8+ Kd5 67.
Re7 Kd6 68. Re8 Kd5 69. Re7 Kd6 70. Re8 Kd5 71. Rd8+ Ke6 72. Rh8 Kd5 73. Rh7 Ke6 74. Kd3 Kd5 75. Ke3 Ke6 76. Ra7 Kd6 77. Rb7 Ke6 78.
Rc7 Kd6 79. Ra7 Ke6 80. Ra6+ Ke7 81. Rb6 Kf7 82. Rb8 Kg6 83. Rf8 Kg7 84. Re8 Kf7 85.
Rd8 Kg6 86. Rh8 Kf7 87. Kf2 Ke6 88. Rh7 Kd5 89. Ke3 Ke6 90. Ra7 Kd6 91. Rb7 Ke6 92. Rc7 Kd6 93. Ra7 Ke6 94. Kd3 Kd6 95. Kc4 f4 96. gxf4 exf4 97. Kd4 Ke6 98. Ke4 f3 99. Ra6+ Kf7 100. Ke3 Kg6 101. Kf2 Kg5 102. Kg3 h4+ 103. Kf2 f5 104. Ra4 Bh5 105. Ra8 Bg4 106. Rh8 h3 107. Rh7 Kf4 108. Rh8 Kg5 109. Rh7 Kf4 110. Rh8 Kg5 111. Rh7 Kf4 1/2-1/2

[Event "*** Titled Tuesday 3|2 Blitz"]
[Site "Chess.com"]
[Date "2016.05.03"]
[Round "5"]
[White "Aguiar94"]
[Black "MbMaster"]
[Result "1/2-1/2"]
[WhiteElo "2383"]
[BlackElo "2228"]
[TimeControl "180+2"]
[EndTime "18:06:54 PDT"]
[Termination "Game drawn by repetition"]

1. e4 d5 2. exd5 Qxd5 3. Nc3 Qa5 4. d4 Nf6 5. Nf3 c6 6. Bc4 Bf5 7. O-O e6 8. Ne2 Nbd7 9. Ng3 Bg6 10. Nh4 Bd6 11.
Re1 O-O-O 12. c3 Qc7 13. a4 Nb6 14. Bf1 e5 15. a5 Nbd7 16. Nhf5 exd4 17. Nxd6+ Qxd6 18. cxd4 a6 19. b3 Nd5 20. Ba3 Qc7 21. Rc1 Rhe8 22.
Qd2 N7f6 23. Bc5 Rxe1 24. Rxe1 Re8 25. Rxe8+ Nxe8 26. h4 f6 27. h5 Bf7 28. Bd3 h6 29.
Bf5+ Kb8 30. Qe1 Nd6 31. Bg6 Nc8 32. Nf5 Nf4 33. Bxf7 Qxf7 34. Nd6 Qe6 35. Qxe6 Nxe6 36. Nf5 Kc7 37. g4 Kd7 38. Kg2 Ke8 39. Kf3 Kf7 40. Ke4 Ng5+ 41. Ke3 Ne6 42. f4 Nc7 43. Ke4 Nd5 44. Ng3 Nc3+ 45. Kd3 Nd5 46. Ne2 Nce7 47. Ke4 Ke6 48. Bxe7 Kxe7 49. Nc1 Nc3+ 50. Ke3 Nd5+ 51. Kf3 Nb4 52. Ke4 Kd6 53. Nd3 Nxd3 54. Kxd3 Kd5 55. Ke3 Kd6 56. Ke4 Ke6 57. b4 Ke7 58. d5 cxd5+ 59. Kxd5 Kd7 60. Kc5 Kc7 61. b5 axb5 62.
Kxb5 Kc8 63. Kb6 Kb8 64. Kc5 Kc7 65. Kb5 Kc8 66. Kb6 Kb8 67. Kb5 Kc7 68. Kc5 Kd7 69. Kd5 Ke7 70. Kd4 Kd6 71. Kc4 Kc6 72. Kd4 Kb5 73. Ke4 Kxa5 74. Kf5 b5 75. Kg6 b4 76.
Kxg7 b3 77. g5 b2 78. gxf6 b1=Q 79. f7 Qb7 80. Kg8 Qd5 81. Kg7 Qd7 82. Kg8 Qe6 83.
Kg7 Qd7 84. Kg8 Qg4+ 85. Kh7 Qd7 86. Kg8 Qe6 87. Kg7 Qd7 1/2-1/2

[Event "*** Titled Tuesday 3|2 Blitz"]
[Site "Chess.com"]
[Date "2016.05.03"]
[Round "5"]
[White "PowerThinking2650"]
[Black "jeaston1"]
[Result "1/2-1/2"]
[WhiteElo "2179"]
[BlackElo "2016"]
[TimeControl "180+2"]
[EndTime "18:07:00 PDT"]
[Termination "Game drawn - insufficient material"]

1. e4 c5 2. Nf3 Nc6 3. d4 cxd4 4.
Nxd4 Nf6 5. Nc3 e5 6. Ndb5 d6 7. Bg5 a6 8. Na3 b5 9. Nd5 Be7 10. Bxf6 Bxf6 11. c3 O-O 12. Nc2 Rb8 13. Be2 Bg5 14. O-O a5 15. b4 axb4 16. cxb4 f5 17. exf5 Bxf5 18. Nce3 Be6 19. Bg4 Bf7 20. Qd3 Kh8 21. Bf5 Bxe3 22. Nxe3 g6 23. Be4 Nxb4 24. Qd2 Na6 25. Rfd1 Rb6 26. a4 bxa4 27. Bd5 Nc5 28. Qa5 Bxd5 29. Nxd5 Ra6 30. Qc3 Ra7 31. f4 Qe8 32.
Re1 Qe6 33. Rad1 Nd7 34. Qc6 a3 35. Nc7 Qe7 36. Rxd6 Nb8 37. Qb6 Qxc7 38. Qb4 Rb7 39. Qxa3 Ra7 40. Qb4 Na6 41. Qa3 Nc5 42. Rc6 Rxa3 43.
Rxc7 Nd3 44. Rd1 Rxf4 45. Rb1 Rf8 46. h3 Nf4 47. Rbb7 Ne6 48. Re7 Ra6 49. Rxh7+ Kg8 50. Rh6 Ra1+ 51. Kh2 Ra6 52. Rxg6+ Kh8 53. Re7 Rg8 54.
Rgxe6 Rxe6 55. Rxe6 Rg5 56. h4 Rf5 57. g4 Rf2+ 58. Kg3 Re2 59. h5 Kg7 60. g5 Kf7 61.
Ra6 Re1 62. Kg4 e4 63. g6+ Kg7 64. Ra7+ Kg8 65. h6 Rg1+ 66. Kf5 Rf1+ 67. Kxe4 Re1+ 68. Kf3 Rf1+ 69. Ke2 Rf8 70. Rg7+ Kh8 71. Rf7 Re8+ 72. Kf3 Kg8 73. Kf4 Ra8 74. Kg5 Ra5+ 75. Rf5 Ra1 76.
Rd5 Rg1+ 77. Kf6 Rf1+ 78. Ke6 Re1+ 79. Re5 Rg1 80. Kf6 Rf1+ 81. Rf5 Ra1 82. Ke7 Ra7+ 83.
Ke6 Ra6+ 84. Ke7 Rxg6 85. Rh5 Kh7 86. Kf7 Ra6 87. Rh4 Rxh6 88. Rxh6+ Kxh6 1/2-1/2

[Event "*** Titled Tuesday 3|2 Blitz"]
[Site "Chess.com"]
[Date "2016.05.03"]
[Round "6"]
[White "Gevorg_Harutjunyan"]
[Black "GeorgMeier"]
[Result "1/2-1/2"]
[WhiteElo "2653"]
[BlackElo "2747"]
[TimeControl "180+2"]
[EndTime "18:10:09 PDT"]
[Termination "Game drawn by repetition"]

1. Nf3 d5 2. c4 e6 3. g3 Nf6 4.
Bg2 dxc4 5. O-O a6 6. a4 Nc6 7.
Qc2 Na5 8. Na3 Qd5 9. Nh4 Qd4 10. Nf3 Qd5 11. Nh4 Qd4 12. Nf3 Qd5 13. Nh4 1/2-1/2

[Event "*** Titled Tuesday 3|2 Blitz"]
[Site "Chess.com"]
[Date "2016.05.03"]
[Round "6"]
[White "renanreis"]
[Black "SidArun"]
[Result "0-1"]
[WhiteElo "2006"]
[BlackElo "1990"]
[TimeControl "180+2"]
[EndTime "18:10:44 PDT"]
[Termination "SidArun won by resignation"]

1. d4 Nf6 2. Bf4 c5 3. d5 Qb6 4. Nc3 Qxb2 5. Na4 Qb4+ 6. c3 Qxf4 7. Nxc5 Qc7 8. Qd4 d6 9. Nb3 g6 10. e4 Bg7 11. Nf3 Nh5 12. e5 dxe5 13. Bb5+ Bd7 14. Qd3 e4 15. Qxe4 0-1

[Event "*** Titled Tuesday 3|2 Blitz"]
[Site "Chess.com"]
[Date "2016.05.03"]
[Round "6"]
[White "jcibarra"]
[Black "Hikaru"]
[Result "1/2-1/2"]
[WhiteElo "2603"]
[BlackElo "2834"]
[TimeControl "180+2"]
[EndTime "18:10:45 PDT"]
[Termination "Game drawn by agreement"]

1. e4 e5 2. Nf3 Nc6 3. Bb5 Nf6 4.
O-O Nxe4 5. Re1 Nd6 6. Nxe5 Be7 7. Bf1 Nf5 8. c3 Nxe5 9. Rxe5 d6 10. Re1 O-O 11.
d4 d5 12. Nd2 Bd6 13. Nf3 Nh4 14. Nxh4 Qxh4 15. g3 Qf6 16. Bg2 c6 17. Qf3 Qg6 18. Bf4 Bg4 19. Qe3 h6 20. Bxd6 Qxd6 21. Qe7 Qd7 22.
Qxd7 Bxd7 23. Re7 Rfd8 24. Rae1 Kf8 25. R7e3 a5 26. Bf1 Bf5 27. Bd3 Bxd3 28. Rxd3 a4 29.
Rde3 Ra6 30. R1e2 Rb6 31. Kf1 g6 32. h4 h5 33. Ke1 Rd6 34. Re8+ Kg7 35. Kd1 Ra6 36.
R2e7 Rb6 37. Re2 Ra6 38. R2e7 Rf6 1/2-1/2

[Event "*** Titled Tuesday 3|2 Blitz"]
[Site "Chess.com"]
[Date "2016.05.03"]
[Round "6"]
[White "exoticprincess"]
[Black "Dlugy"]
[Result "1-0"]
[WhiteElo "2817"]
[BlackElo "2590"]
[TimeControl "180+2"]
[EndTime "18:11:45 PDT"]
[Termination "exoticprincess won by resignation"]

1. b3 d5 2. Bb2 Bf5 3. e3 e6 4. f4 Nf6 5. Nf3 Nbd7 6. Nc3 c6 7. h3 h6 8. g4 Bh7 9. Bg2 Qc7 10. Qe2 Bd6 11. O-O-O O-O-O 12. Kb1 Rhe8 13. g5 hxg5 14. Nxg5 Bg6 15. h4 Rh8 16. Bf3 Nh5 17.
Rdg1 Ndf6 18. Nxe6 Bxc2+ 19. Kxc2 fxe6 20. Kb1 e5 21. Rg5 g6 22. fxe5 Bxe5 23. Nb5 cxb5 24. Bxe5 Qb6 25. Rc1+ Kd7 26. Rxg6 Rdg8 27. Bxh5 1-0

[Event "*** Titled Tuesday 3|2 Blitz"]
[Site "Chess.com"]
[Date "2016.05.03"]
[Round "6"]
[White "davidarenas1224"]
[Black "Kawhi_Leonard2"]
[Result "0-1"]
[WhiteElo "2169"]
[BlackElo "2124"]
[TimeControl "180+2"]
[EndTime "18:11:59 PDT"]
[Termination "Kawhi_Leonard2 won on time"]

1. e4 c5 2. Nf3 d6 3. d4 cxd4 4. Nxd4 Nf6 5. Nc3 g6 6. Be3 Bg7 7. f3 O-O 8. Qd2 Nc6 9. g4 Be6 10. h4 d5 11. g5 Nh5 12. Nxe6 fxe6 13. Bh3 d4 14. Bxe6+ Kh8 15. Nd5 dxe3 16. Qxe3 Bxb2 17. Rb1 Qa5+ 18. Kf2 Bd4 0-1

[Event "*** Titled Tuesday 3|2 Blitz"]
[Site "Chess.com"]
[Date "2016.05.03"]
[Round "6"]
[White "Tirantes"]
[Black "SabinaFoisor"]
[Result "0-1"]
[WhiteElo "2228"]
[BlackElo "2221"]
[TimeControl "180+2"]
[EndTime "18:12:11 PDT"]
[Termination "SabinaFoisor won by resignation"]

1. c4 e6 2. g3 d5 3. Bg2 Nf6 4. Nf3 Be7 5. b3 O-O 6. Bb2 c5 7. O-O Nc6 8. e3 b6 9. Nc3 dxc4 10. bxc4 Bb7 11. d3 Rc8 12. Qe2 Rc7 13. Rad1 Rd7 14. Ne1 Qa8 15. f4 Rfd8 16. g4 Nb4 17. g5 Bxg2 18.
Qxg2 Qxg2+ 19. Kxg2 Ne8 20. d4 cxd4 21. exd4 Rxd4 22.
Nf3 Rxd1 23. Nxd1 Nd3 24. Kg3 Nd6 25. Ne5 Nxe5 26. Bxe5 Nxc4 27. Ba1 Rd3+ 28. Kg4 Rxd1 0-1